 Dungeon Crawl Stone Soup version 0.24.0-1-gfbc8707122 (webtiles) character file.

Game seed: 11561116306455438315, levelgen mode: deterministic

1453 Conn the Sneak (level 8, 0/76 HPs)
             Began as an Octopode Fire Elementalist on Oct 26, 2019.
             Slain by a leopard gecko (1 damage)
             ... on level 5 of the Dungeon.
             The game lasted 00:19:19 (6669 turns).

Conn the Sneak (Octopode Fire Elementalist)         Turns: 6669, Time: 00:19:20

Health: 0/76       AC: 24    Str:  8    XL:     8   Next: 75%
Magic:  14/14      EV:  2    Int: 19    God:
Gold:   252        SH:  0    Dex: 12    Spells: 4/15 levels left

rFire    . . .     SeeInvis .   e - +5 quarterstaff (chaos)
rCold    . . .     Gourm    .   (shield currently unavailable)
rNeg     + + +     Faith    .   (helmet currently unavailable)
rPois    +         Spirit   .   (no amulet)
rElec    .         Reflect  .   (no ring)
rCorr    .         Harm     .   (no ring)
MR       .....     NoTele   +   (no ring)
Stlth    +++.......             (no ring)
HPRegen  0.22/turn              (no ring)
MPRegen  0.14/turn              (no ring)
                                (no ring)
                                (no ring)

@: tree-form
A: almost no armour, stealthy swim, (amphibious), 8 rings, (constrict 8)
a: no special abilities


You were on level 5 of the Dungeon.
You were hungry.
You were a tree.
You visited 1 branch of the dungeon, and saw 5 of its levels.

You collected 252 gold pieces.

Inventory:

Hand Weapons
 a - a +0 dagger
 c - a +2 mace of holy wrath
 e - a +5 quarterstaff of chaos (weapon)
Missiles
 q - 24 poisoned darts (quivered)
Jewellery
 g - an uncursed amulet of inaccuracy
 l - an uncursed ring of flight {unknown}
Wands
 n - a wand of digging (4)
Scrolls
 d - a scroll of amnesia
 h - 3 scrolls of fog
 i - 2 scrolls of identify
 m - a scroll of remove curse
 o - 2 scrolls of enchant armour
Comestibles
 b - 10 rations


   Skills:
 + Level 2.8 Fighting
 + Level 2.0 Short Blades
 + Level 1.1(3.3) Maces & Flails
 + Level 4.9(5.0) Staves
 + Level 0.8 Throwing
 + Level 3.5 Dodging
 - Level 5.7 Stealth
 * Level 4.3 Spellcasting
 * Level 3.7 Conjurations
 + Level 4.3 Fire Magic


You had 4 spell levels left.
You knew the following spells:

 Your Spells              Type           Power        Failure   Level  Hunger
a - Flame Tongue          Conj/Fire      ###..        2%          1    None
b - Conjure Flame         Conj/Fire      ###.....     8%          3    ###....
c - Inner Flame           Hex/Fire       ##......     16%         3    ###....
d - Sticky Flame          Conj/Fire      ###.....     26%         4    ####...

Your spell library contained the following spells:

 Spells                   Type           Power        Failure   Level  Hunger
 Throw Flame              Conj/Fire      ###...       3%          2    #......
 Fireball                 Conj/Fire      ###.......   56%         5    ######.


Dungeon Overview and Level Annotations

Branches:
Dungeon (5/15)
 Temple: D:4-7

Altars:
Ashenzari
Gozag


Innate Abilities, Weirdness & Mutations

You cannot wear most types of armour.
You are very stealthy in the water. (Stealth+)
((You are amphibious.))
You can wear up to eight rings at the same time.
((You can use your tentacles to constrict eight enemies at once.))
((Your skin changes colour to match your surroundings (Stealth+).))
((Your rubbery body absorbs attacks. (AC +1, EV +1)))


Message History

The orc wizard hits you but does no damage.
You aren't carrying any potions.
Okay, then.
Unknown command.
The orc shouts!
You sock the water moccasin skeleton!
You destroy the water moccasin skeleton!
You hear an angry hiss.
The leopard gecko bites you but does no damage.
The orc wizard hits you but does no damage.
The leopard gecko bites you but does no damage.
You barely miss the orc wizard.
The orc wizard hits you but does no damage.
The leopard gecko bites you.
* * * LOW HITPOINT WARNING * * *
You sock the orc wizard!
Lightning courses through the orc wizard!
You kill the orc wizard!
The leopard gecko bites you.
You die...

#)..#...# #.
#..#...#... ..
#...#...#.. .###
#.......... ..#
#.#...#...# #.###
#..#...#... #...
#..)#..$#..
#..#######..#.l.#...
#..♣lo.....#...#...#
#.)######...........
#..# #)...#o..#.
#.#..####
#...#...#...
#.......#
#..#...#...#
###..##.#
#...#...#...
#..##.###....#...#..
#...................
#.............#.....


You could see an orc and a leopard gecko.

Vanquished Creatures
  Menkaure (D:4)
  A water moccasin (D:5)
  Duvessa (D:4)
  An orc warrior (D:5)
  A sky beast (D:5)
  A big kobold (D:4)
  Blork the orc (D:4)
  A water moccasin skeleton (D:5)
  Dowan (D:4)
  2 scorpions (D:5)
  2 hounds
  A jelly (D:5)
  Crazy Yiuf (D:4)
  A centaur skeleton (D:4)
  2 bullfrog skeletons (D:5)
  2 iguanas
  4 orc wizards
  2 worker ants
  A mummy (D:4)
  7 adders
  A howler monkey skeleton (D:4)
  An ooze (D:3)
  A worm (D:2)
  3 dart slugs
  6 leopard geckos
  17 orcs
  8 bats
  3 giant cockroaches
  4 goblins
  5 hobgoblins
  5 jackals
  6 kobolds
  2 quokkas (D:5)
  7 frilled lizards
  A hobgoblin zombie (D:4)
  A kobold zombie (D:4)
  A leopard gecko skeleton (D:2)
  2 orc zombies (D:4)
  5 rats
113 creatures vanquished.

Notes
Turn   | Place    | Note
-------+----------+-------------------------------------------
     0 | D:1      | Conn the Octopode Fire Elementalist began the quest for the
                  | Orb.
     0 | D:1      | Reached XP level 1. HP: 11/11 MP: 3/3
   468 | D:1      | Reached XP level 2. HP: 17/17 MP: 5/5
   534 | D:1      | Reached skill level 3 in Stealth
   642 | D:1      | Found a shattered altar of Ashenzari.
  1033 | D:2      | Reached XP level 3. HP: 12/21 MP: 6/6
  1506 | D:2      | Reached skill level 4 in Stealth
  2042 | D:3      | Reached XP level 4. HP: 27/27 MP: 7/7
  2060 | D:3      | Reached skill level 1 in Short Blades
  2201 | D:3      | Reached XP level 5. HP: 11/32 MP: 8/8
  2618 | D:3      | Reached skill level 5 in Stealth
  2781 | D:3      | Reached skill level 1 in Fighting
  2896 | D:3      | Noticed an ogre
  2906 | D:4      | Learned a level 3 spell: Conjure Flame
  2910 | D:4      | Learned a level 3 spell: Inner Flame
  3029 | D:4      | Noticed a big kobold
  3080 | D:4      | Killed a big kobold
  3348 | D:4      | Reached XP level 6. HP: 21/38 MP: 2/9
  3852 | D:4      | Noticed Blork the orc
  3876 | D:4      | Killed Blork the orc
  3895 | D:4      | Found a runed translucent door.
  3896 | D:4      | Noticed Crazy Yiuf
  3903 | D:4      | Killed Crazy Yiuf
  4027 | D:4      | Reached XP level 7. HP: 27/43 MP: 11/11
  4080 | D:4      | Noticed Dowan
  4082 | D:4      | Noticed Duvessa
  4094 | D:4      | Killed Dowan
  4094 | D:4      | Reached skill level 1 in Staves
  4096 | D:4      | Killed Duvessa
  4541 | D:4      | Found an opulent altar of Gozag.
  4576 | D:4      | Noticed Menkaure
  4584 | D:4      | Killed Menkaure
  4584 | D:4      | Reached skill level 1 in Maces & Flails
  5083 | D:5      | Entered Level 5 of the Dungeon
  5574 | D:5      | Reached XP level 8. HP: 40/50 MP: 13/13
  5711 | D:5      | Learned a level 4 spell: Sticky Flame
  6660 | D:5      | HP: 1/51 [water moccasin skeleton (6)]
  6668 | D:5      | HP: 1/76 [leopard gecko (2)]
  6669 | D:5      | Slain by a leopard gecko

Levels and vault maps discovered:
D:1:      lightli_arrival_statuegarden, layout_loops_corners,
          evilmike_ruin_ashenzari
D:2:      layout_basic, minmay_cut_off
D:3:      layout_loops_corners, first_ration
D:4:      layout_basic, nicolae_overflow_crystal_walls, st_stairs_11,
          minmay_mini_ossuary, uniq_duvessa, uniq_crazy_yiuf_cottage,
          uniq_blork_the_orc, uniq_menkaure
D:5:      cheibrodos_fzero, layout_loops_ring

Skill      XL: |  1  2  3  4  5  6  7  8 |
---------------+-------------------------+-----
Stealth        | 3 4 5 |  5.7
Short Blades   | 1 2 |  2.0
Fighting       | 1 2 |  2.8
Conjurations   | 2 3 |  3.7
Dodging        | 3 |  3.5
Spellcasting   | 3 4 |  4.3
Staves         | 2 4 |  4.9
Fire Magic     | 4 |  4.3
Maces & Flails | 1 |  1.1
Throwing       | |  0.8

Action                   |  1- 3 |  4- 6 |  7- 9 || total
-------------------------+-------+-------+-------++-------
Melee: Unarmed           |     3 |       |       ||     3
       Dagger            |    52 |    77 |       ||   129
       Constrict         |     7 |    17 |    21 ||    45
       Tentacles         |     5 |     8 |     9 ||    22
       Quarterstaff      |       |    23 |   101 ||   124
       Mace              |       |    14 |       ||    14
Throw: Dart              |       |       |    17 ||    17
 Cast: Flame Tongue      |    17 |    26 |    14 ||    57
       Conjure Flame     |       |     2 |     4 ||     6
  Use: Potion            |     1 |     9 |     2 ||    12
       Scroll            |     1 |     4 |     2 ||     7
 Stab: Sleeping          |    15 |    10 |    10 ||    35
       Distracted        |     1 |       |       ||     1
       Paralysed         |       |     1 |     1 ||     2
       Petrifying        |       |       |     1 ||     1
  Eat: Chunk             |     3 |     4 |     9 ||    16
       Ration            |       |     1 |       ||     1
Armor: Skin              |     4 |    17 |    16 ||    37
Dodge: Dodged            |    36 |    69 |    60 ||   165
